 Dungeon Crawl Stone Soup version 0.19-a0-1895-g783e625 (webtiles) character file.

2818 Amnesiac the Grappler (level 9, -8/89 HPs)
             Began as a Troll Berserker on Oct 18, 2016.
             Was a Priest of Trog.
             Shot with a bolt by an orc warrior (16 damage)
             ... in a bailey.
             The game lasted 00:06:12 (1877 turns).

Amnesiac the Grappler (Troll Berserker)             Turns: 1877, Time: 00:06:13

Health: -8/89      AC:  5    Str: 27    XL:     9   Next: 44%
Magic:  8/8        EV: 12    Int:  3    God:    Trog [***...]
Gold:   750        SH:  0    Dex: 12    Spells: 0 memorised, 8 levels left

rFire  . . .     SeeInvis .       - Unarmed
rCold  . . .     Gourm    +     a - +0 animal skin
rNeg   . . .     Faith    .     (no shield)
rPois  .         Spirit   .     (helmet restricted)
rElec  .         Reflect  .     (no cloak)
rCorr  .         Harm     .     (gloves unavailable)
MR     .....                    (boots unavailable)
Stlth  +.........               (no amulet)
                                (no ring)
                                (no ring)

@: no status effects
A: unfitting armour, claws 3, fast metabolism 3, gourmand, regeneration 1,
shaggy fur 1, tough skin 2
a: Berserk, Trog's Hand, Burn Spellbooks, Renounce Religion


You were in a bailey.
You worshipped Trog.
Trog was most pleased with you.
You were very full.

You visited 1 branch of the dungeon, and saw 7 of its levels.
You also visited: Sewer and Bailey.

You collected 750 gold pieces.

Inventory:

Hand Weapons
 f - a +0 blowgun
Armour
 a - a +0 animal skin (worn)
 c - a +0 shield
Scrolls
 g - 2 scrolls of amnesia {unknown}
 h - a scroll of fear {unknown}
 i - a scroll of immolation {unknown}
 j - a scroll of blinking {unknown}
 n - 2 scrolls of remove curse {unknown}
 o - a scroll of recharging {unknown}
Potions
 d - 3 potions of lignification
 k - 2 potions of flight
 l - 3 potions of heal wounds
 m - 2 potions of brilliance
Books
 e - a book of Maledictions

   Spells                             Type                      Level
   a - Corona                         Hexes                        1
   b - Ensorcelled Hibernation        Hexes/Ice                    2
   c - Confuse                        Hexes                        3
   d - Tukima's Dance                 Hexes                        3
   e - Dazzling Spray                 Conjuration/Hexes            3
   Trog disapproves of the use of such an item.
Comestibles
 b - 5 bread rations
 q - a slice of pizza


   Skills:
 + Level 5.9 Fighting
 + Level 6.1 Dodging
 * Level 9.7 Unarmed Combat


You had 8 spell levels left.
You didn't know any spells.

Dungeon Overview and Level Annotations

Branches:
Dungeon (7/15)
 Temple: D:4-7

Altars:
Ashenzari
Cheibriados
Dithmenos
Gozag
Kikubaaqudgha
Makhleb
Sif Muna
Trog
Uskayaw
Yredelemnul
The Shining One


Innate Abilities, Weirdness & Mutations

You are too large for most types of armour.
You have claws for hands.
Your metabolism is lightning-fast.
You like to eat raw meat.
Your natural rate of healing is unusually fast.
You are covered in fur. (AC +1)
You have very tough skin. (AC +2)


Message History

The orc knight shouts!
The orc knight moves out of view.
The orc warrior moves out of view.
Found the +9 heavy crossbow "Sniper" {velocity, nevermiss, SInv}.
An orc warrior comes into view. It is wielding an arbalest.
The orc warrior shouts!
The orc knight roars a battlecry!
The orcs go into a battle-frenzy!
The orc warrior shoots a bolt.
The bolt hits you!
The orc warrior shoots a bolt.
The bolt hits you!!
The orc knight roars a battlecry!
The orcs go into a battle-frenzy!
Found 467 gold pieces.
There is an open door, spattered with blood here.
You see here 2 bolts.
Okay, then.
Okay, then.
The orc knight hits you with a halberd!!!
* * * LOW HITPOINT WARNING * * *
The orc warrior shoots a bolt.
The bolt hits you!
You die...

### ##
#####∩###########.##
..##...##..(..##.o.#
≈..#...#.(≈≈≈(.#...#
≈≈.(.....≈≈o≈≈.#@o$#
)≈.(.....≈ooo≈.(...#
≈≈.......≈≈o≈≈.#o.)#
≈..#(..#(.≈≈≈..#...#
..##.∩.##.....##...#
#####∩###########.##
### ##


You could see 2 orc knights, 4 orc warriors and an orc.

Vanquished Creatures
  The ghost of HEYYEYAAE the Basher, a novice TrBe of Trog (D:7)
  Grinder (D:6)
  Sigmund (D:5)
  A hungry ghost (D:7)
  Edmund (D:5)
  An ice beast (D:7)
  6 orc warriors (Bailey)
  2 phantoms (D:7)
  3 ogres
  A big kobold (Sewer)
  A bullfrog (D:7)
  A scorpion (D:5)
  3 crimson imps
  A bullfrog skeleton (D:7)
  A centaur zombie (D:7)
  A jelly (D:6)
  An orc priest (D:6)
  An iguana (D:5)
  2 worker ants (D:7)
  A hound skeleton (D:7)
  A gnoll (D:7)
  3 river rats
  An ooze (D:7)
  A worm (D:2)
  3 leopard geckos
  9 orcs
  2 giant cockroaches (D:4)
  5 goblins (D:7)
  A hobgoblin (D:2)
  2 jackals (Sewer)
  10 kobolds
  A jackal zombie (D:6)
  4 rats
74 creatures vanquished.

Notes
Turn   | Place    | Note
-------+----------+-------------------------------------------
     0 | D:1      | Amnesiac the Troll Berserker began the quest for the Orb.
     0 | D:1      | Reached XP level 1. HP: 22/22 MP: 0/0
   104 | D:2      | Reached XP level 2. HP: 19/29 MP: 1/1
   266 | D:4      | HP: 1/43 [river rat (9)]
   282 | D:4      | Found a glowing drain.
   294 | Sewer    | Entered a sewer
   298 | Sewer    | Reached XP level 3. HP: 22/36 MP: 2/2
   363 | Sewer    | Noticed a big kobold
   381 | Sewer    | Killed a big kobold
   381 | Sewer    | Reached skill level 4 in Unarmed Combat
   381 | Sewer    | Reached XP level 4. HP: 41/45 MP: 3/3
   422 | Sewer    | Found a white marble altar of Elyvilon.
   493 | D:4      | Noticed an ogre
   498 | D:4      | Killed an ogre
   498 | D:4      | Reached XP level 5. HP: 53/53 MP: 4/4
   536 | D:5      | Entered Level 5 of the Dungeon
   587 | D:5      | Noticed Sigmund
   600 | D:5      | Killed Sigmund
   600 | D:5      | Reached skill level 5 in Unarmed Combat
   600 | D:5      | Reached XP level 6. HP: 45/62 MP: 5/5
   688 | D:5      | Noticed Edmund
   692 | D:5      | Found a shadowy altar of Dithmenos.
   701 | D:5      | Killed Edmund
   716 | D:5      | Found a snail-covered altar of Cheibriados.
   728 | D:5      | Found a basalt altar of Yredelemnul.
   732 | D:5      | Reached skill level 6 in Unarmed Combat
   732 | D:5      | Reached XP level 7. HP: 70/70 MP: 6/6
   734 | D:5      | Found an opulent altar of Gozag.
   734 | D:5      | Found an ancient bone altar of Kikubaaqudgha.
   753 | D:5      | Reached ** piety under Trog
   778 | D:6      | Noticed Grinder
   794 | D:6      | Killed Grinder
   902 | D:7      | Noticed HEYYEYAAE's ghost (novice TrBe)
   908 | D:7      | Reached skill level 7 in Unarmed Combat
   916 | D:7      | Killed HEYYEYAAE's ghost
   916 | D:7      | Reached skill level 5 in Fighting
   916 | D:7      | Reached skill level 5 in Dodging
   916 | D:7      | Reached skill level 8 in Unarmed Combat
   916 | D:7      | Reached XP level 8. HP: 30/80 MP: 7/7
   918 | D:7      | HP: 2/120 [ice beast (10)]
  1186 | D:7      | Found a glowing golden altar of the Shining One.
  1186 | D:7      | Found a burning altar of Makhleb.
  1186 | D:7      | Found a hide-covered altar of Uskayaw.
  1186 | D:7      | Found a shattered altar of Ashenzari.
  1196 | D:7      | Reached XP level 9. HP: 81/88 MP: 8/8
  1210 | D:7      | Found a deep blue altar of Sif Muna.
  1210 | D:7      | Found a bloodstained altar of Trog.
  1318 | D:7      | Reached skill level 9 in Unarmed Combat
  1350 | D:7      | Found a flagged portal.
  1372 | Bailey   | Entered a bailey
  1374 | Bailey   | Noticed an orc knight
  1404 | Bailey   | Reached *** piety under Trog
  1875 | Bailey   | Noticed an orc knight
  1877 | Bailey   | Shot with a bolt by an orc warrior

Vault maps used:
D:1:      lightli_arrival_statuegarden, tso_altar
D:2:      ecumenical_altar_2, minmay_misc_feat_square, uniq_iyjb
D:3:      first_bread
D:4:      gup_sewer_entry_bowl, abandoned_shop, uniq_robin
D:5:      grunt_temple_overflow_open, uniq_sigmund, uniq_edmund
D:6:      uniq_grinder
D:7:      corexii_shantytown, minmay_overflow_temple_hex, enter_bailey_3
Sewer:    sewer_kobolds
Bailey:   bailey_polearm_4, bailey

Skill      XL: |  1  2  3  4  5  6  7  8  9 |
---------------+----------------------------+-----
Fighting       | 3 4 5 |  5.9
Dodging        | 3 4 5 6 |  6.1
Unarmed Combat | 4 5 6 8 9 |  9.7

Action                   |  1- 3 |  4- 6 |  7- 9 || total
-------------------------+-------+-------+-------++-------
Melee: Unarmed           |    68 |    26 |   134 ||   228
       Punch             |     2 |       |     2 ||     4
Invok: Berserk           |     1 |     2 |     3 ||     6
  Use: Potion            |       |       |     2 ||     2
       Scroll            |       |       |     5 ||     5
 Stab: Sleeping          |       |       |     1 ||     1
  Eat: Chunk             |    10 |     5 |    18 ||    33
Armor: Animal skin       |    15 |     3 |    28 ||    46
Dodge: Dodged            |    35 |    13 |    86 ||   134
